 Dungeon Crawl Stone Soup version 0.21.1-1-g345015fe64 (webtiles) character file.

2338 Lavandula the Ruffian (level 9, 37/81 HPs)
             Began as a Deep Dwarf Transmuter on May 26, 2018.
             Was an Initiate of Makhleb.
             Quit the game on level 8 of the Dungeon.
             The game lasted 00:14:51 (3253 turns).

Lavandula the Ruffian (Deep Dwarf Transmuter)       Turns: 3253, Time: 00:14:51

Health: 37/81      AC:  2    Str: 17    XL:     9   Next: 19%
Magic:  4/7        EV: 20    Int: 14    God:    Makhleb [......]
Gold:   336        SH:  0    Dex: 18    Spells: 5/15 levels left

rFire    . . .     SeeInvis .     - Unarmed
rCold    . . .     Gourm    .   (shield currently unavailable)
rNeg     . . .     Faith    .   (armour currently unavailable)
rPois    x         Spirit   .   (helmet currently unavailable)
rElec    .         Reflect  .   (cloak currently unavailable)
rCorr    .         Harm     .   (gloves currently unavailable)
MR       +....                  (boots currently unavailable)
Stlth    ++........             i - amulet of regeneration
HPRegen  0.00/turn              (no ring)
MPRegen  0.10/turn              (no ring)

@: spider-form, non-regenerating
A: tiny, damage resistance, heal wounds, sense surroundings 2, no regeneration
a: Heal Wounds, End Transformation, Renounce Religion


You were on level 8 of the Dungeon.
You worshipped Makhleb.
Makhleb was noncommittal.
You were hungry.
You were a venomous arachnid creature.
You visited 2 branches of the dungeon, and saw 9 of its levels.

You collected 336 gold pieces.

Inventory:

Hand Weapons
 g - a +0 hand axe
 h - a +0 whip of draining
 p - a +0 hand axe
Missiles
 a - 84 arrows
 m - 6 curare-tipped needles
 v - 7 javelins (quivered)
 x - 7 tomahawks
Armour
 b - a +0 robe (melded)
Jewellery
 i - an amulet of regeneration (around neck)
Wands
 o - a wand of flame (69)
 t - a wand of digging (8)
Scrolls
 k - a scroll of blinking {unknown}
 l - a scroll of immolation {unknown}
 n - 3 scrolls of teleportation
 r - a scroll of remove curse {unknown}
 y - a scroll of magic mapping {unknown}
Potions
 e - a potion of berserk rage
 f - 2 potions of flight
 j - a potion of experience {unknown}
 q - a potion of magic
 s - a potion of agility {unknown}
 u - a potion of degeneration {unknown}
 w - a potion of haste
 z - a potion of ambrosia {unknown}
Books
 c - a book of Changes

   Spells                             Type                      Level
   a - Beastly Appendage              Transmutation                1
   b - Sticks to Snakes               Transmutation                2
   c - Spider Form                    Transmutation/Poison         3
   d - Ice Form                       Ice/Transmutation            4
   e - Blade Hands                    Transmutation                5
Comestibles
 d - 9 rations


   Skills:
 - Level 5.3 Fighting
 - Level 2.2 Dodging
 - Level 7.6 Unarmed Combat
 + Level 3.8 Spellcasting
 - Level 6.0 Transmutations


You had 5 spell levels left.
You knew the following spells:

 Your Spells              Type           Power        Failure   Level  Hunger
a - Beastly Appendage     Tmut           ###...       7%          1    None
b - Sticks to Snakes      Tmut           ###.....     10%         2    ##.....
c - Spider Form           Tmut/Pois      ##........   36%         3    ###....
d - Ice Form              Ice/Tmut       ##......     71%         4    ####...


Dungeon Overview and Level Annotations

Branches:
Dungeon (8/15)             Temple (1/1) D:5
   Lair: D:8-11

Altars:
Ashenzari
Cheibriados
Dithmenos
Elyvilon
Fedhas
Gozag
Hepliaklqana
Kikubaaqudgha
Makhleb
Nemelex Xobeh
Okawaru
Qazlal
Ru
Sif Muna
Trog
Uskayaw
Vehumet
Wu Jian
Xom
Yredelemnul
Zin
The Shining One
Lugonu

Annotations:
D:4 Pikel


Innate Abilities, Weirdness & Mutations

You are resistant to damage.
You can heal yourself by infusing magical energy.
You passively map the area around you.
You do not regenerate.


Message History

Found a scroll of teleportation.
A yak comes into view.
There are monsters nearby!
The yak moves out of view.
No target in view!
Casting: Spider Form
Confirm with . or Enter, or press ? or * to list all spells.
You turn into a venomous arachnid creature.
Your +0 robe melds into your body.
A yak comes into view.
The yak gores you!
You bite the yak!
The yak looks as sick as possible!
The yak is moderately wounded.
You hit the yak.
The yak is moderately wounded.
The yak closely misses you.
You hit the yak.
The yak looks as sick as possible!
The yak is heavily wounded.
The yak barely misses you.
Are you sure you want to abandon this character and quit the game? (Confirm with "yes".)

* ,** ..##.##..,, ,
, ,+,,.......? , *
, , # ,,...... , *
#. .... * , * , , *
* #.. #..# #### ,
##...##!.###...##.
* ,
..................
,* , , ,
.......<..Y.......
, ,
..........sYY.....
, ,
,##...##...##Y..##.
,, ,, *#... #...#
.># ,,, , ,
,#..,...... .# , ,
#.......... # , *
#........... ,*, ,
, , ...##...##.. *
, ...*#...# * ** ,,
, * * , ,


You could see 4 yaks.

Vanquished Creatures
  Grinder (D:5)
  Sigmund (D:4)
  A hungry ghost (D:7)
  Duvessa (D:5)
  An orc warrior (D:7)
  2 ice beasts
  A hornet zombie (D:7)
  2 phantoms (D:7)
  4 ogres
  A centaur (D:5)
  A bullfrog (D:7)
  Dowan (D:5)
  A scorpion (D:5)
  A wyvern skeleton (D:6)
  3 hounds
  An orc priest (D:3)
  2 iguanas (D:5)
  4 orc wizards
  A worker ant (D:6)
  A hound skeleton (D:4)
  7 gnolls
  6 adders
  A shadow imp (D:6)
  2 oozes
  A worm (D:2)
  6 leopard geckos
  26 orcs
  4 bats
  2 giant cockroaches
  6 goblins
  8 hobgoblins
  A jackal (D:1)
  5 kobolds
  3 quokkas
  2 ball pythons
  2 frilled lizards
  A jackal zombie (D:5)
  A leopard gecko skeleton (D:5)
  5 rats
120 creatures vanquished.

Notes
Turn   | Place    | Note
-------+----------+-------------------------------------------
     0 | D:1      | Lavandula the Deep Dwarf Transmuter began the quest for the Orb.
     0 | D:1      | Reached XP level 1. HP: 16/16 MP: 3/3
    90 | D:1      | Reached skill level 3 in Unarmed Combat
   111 | D:1      | Reached XP level 2. HP: 18/24 MP: 2/4
   281 | D:3      | Reached XP level 3. HP: 23/30 MP: 3/5
   285 | D:3      | Learned a level 2 spell: Sticks to Snakes
   495 | D:2      | Learned a level 3 spell: Spider Form
   527 | D:2      | Found a stormy altar of Qazlal.
   527 | D:2      | Found an iron altar of Okawaru.
   530 | D:2      | Reached XP level 4. HP: 19/37 MP: 5/7
   664 | D:3      | Reached skill level 1 in Fighting
   812 | D:3      | Reached XP level 5. HP: 20/45 MP: 1/8
  1162 | D:4      | Noticed Pikel
  1277 | D:4      | Reached XP level 6. HP: 19/57 MP: 0/8
  1438 | D:4      | Noticed Sigmund
  1459 | D:4      | Killed Sigmund
  1459 | D:4      | Reached skill level 5 in Fighting
  1459 | D:4      | Reached XP level 7. HP: 35/67 MP: 2/7
  1510 | D:4      | Reached skill level 4 in Unarmed Combat
  1578 | D:5      | Entered Level 5 of the Dungeon
  1580 | D:5      | Found a shimmering altar of Xom.
  1586 | D:5      | Noticed an angel
  1589 | D:5      | Found a glowing silver altar of Zin.
  1661 | D:5      | Reached skill level 5 in Unarmed Combat
  1667 | D:5      | Found a hazy altar of Hepliaklqana.
  1669 | D:5      | Found a blossoming altar of Fedhas.
  1682 | D:5      | Found a staircase to the Ecumenical Temple.
  1713 | Temple   | Entered the Ecumenical Temple
  1814 | D:5      | Reached skill level 6 in Unarmed Combat
  1880 | D:5      | Noticed Grinder
  1894 | D:5      | Killed Grinder
  1894 | D:5      | Reached XP level 8. HP: 58/74 MP: 4/7
  1902 | D:5      | Noticed Dowan
  1904 | D:5      | Noticed Duvessa
  1909 | D:5      | Killed Dowan
  1909 | D:5      | Reached skill level 7 in Unarmed Combat
  1961 | D:5      | Killed Duvessa
  2012 | D:5      | Found a white marble altar of Elyvilon.
  2069 | D:5      | Found an ancient bone altar of Kikubaaqudgha.
  2120 | D:5      | Found a basalt altar of Yredelemnul.
  2290 | D:5      | Found a hide-covered altar of Uskayaw.
  2343 | D:6      | Learned a level 4 spell: Ice Form
  2608 | D:6      | Found an ornate altar of the Wu Jian Council.
  2609 | D:6      | Found a bloodstained altar of Trog.
  2660 | D:6      | Found a shadowy altar of Dithmenos.
  2660 | D:6      | Found a sacrificial altar of Ru.
  2662 | D:6      | Found a burning altar of Makhleb.
  2756 | D:7      | Reached skill level 5 in Transmutations
  2825 | D:7      | Gained mutation: You passively map the area around you. [Deep Dwarf growth]
  2825 | D:7      | Reached XP level 9. HP: 48/81 MP: 4/6
  3129 | D:7      | Found a glowing golden altar of the Shining One.
  3207 | D:6      | Became a worshipper of Makhleb the Destroyer
  3253 | D:8      | Quit the game

Skill      XL: |  1  2  3  4  5  6  7  8  9 |
---------------+----------------------------+-----
Unarmed Combat | 3 6 7 |  7.6
Spellcasting   | 2 3 |  3.8
Fighting       | 1 3 5 |  5.3
Transmutations | 5 6 |  6.0
Dodging        | |  2.2

Action                   |  1- 3 |  4- 6 |  7- 9 || total
-------------------------+-------+-------+-------++-------
Melee: Unarmed           |   136 |   122 |   247 ||   505
       Headbutt          |     7 |     1 |     2 ||    10
       Kick              |     8 |       |     5 ||    13
       Punch             |     1 |       |     2 ||     3
 Cast: Beastly Appendage |    19 |     2 |     4 ||    25
       Sticks to Snakes  |     3 |       |     2 ||     5
       Spider Form       |     1 |    12 |    21 ||    34
 Abil: Heal Wounds       |     2 |     6 |    11 ||    19
       End Transformatio |       |       |     1 ||     1
  Use: Scroll            |       |       |     6 ||     6
       Potion            |       |       |     3 ||     3
 Stab: Sleeping          |     1 |     1 |       ||     2
  Eat: Chunk             |       |     3 |     2 ||     5
       Ration            |       |     1 |     2 ||     3
Armor: Robe              |    23 |     3 |     4 ||    30
       Skin              |       |     1 |     8 ||     9
Dodge: Dodged            |    94 |    90 |   141 ||   325
